 Dungeon Crawl Stone Soup version 0.21.1-1-g345015fe64 (webtiles) character file.

35 Brecoman the Insei (level 3, 0/28 HPs)
             Began as a Draconian Transmuter on June 19, 2018.
             Slain by an adder (5 damage)
             ... on level 2 of the Dungeon.
             The game lasted 00:04:40 (1317 turns).

Brecoman the Insei (Draconian Transmuter)           Turns: 1317, Time: 00:04:40

Health: 0/28       AC:  6    Str: 12    XL:     3   Next: 17%
Magic:  4/6        EV: 12    Int: 13    God:
Gold:   57         SH:  0    Dex: 12    Spells: 5/6 levels left

rFire    + . .     SeeInvis .     - Unarmed
rCold    . . .     Gourm    .   (no shield)
rNeg     . . .     Faith    +   (armour unavailable)
rPois    .         Spirit   .   (helmet restricted)
rElec    .         Reflect  .   h - +0 cloak
rCorr    .         Harm     .   (no gloves)
MR       .....                  (no boots)
Stlth    +.........             f - amulet of faith
HPRegen  0.09/turn              l - ring of protection from fire
MPRegen  0.10/turn              (no ring)

@: very slightly contaminated
A: unfitting armour, cold-blooded, AC +5
a: no special abilities


You were on level 2 of the Dungeon.
You were near starving.

You visited 1 branch of the dungeon, and saw 2 of its levels.

You collected 57 gold pieces.

Inventory:

Missiles
 a - 18 arrows
 g - 89 stones (quivered)
 i - 6 tomahawks
Armour
 h - a +0 cloak (worn)
Jewellery
 f - an amulet of faith (around neck)
 l - a ring of protection from fire (left hand)
Scrolls
 k - a scroll of teleportation {unknown}
 n - a scroll of identify
Potions
 d - a potion of lignification {unknown}
 e - 2 potions of flight
 j - a potion of degeneration {unknown}
 m - 2 potions of ambrosia {unknown}
Books
 b - a book of Changes

   Spells                             Type                      Level
   a - Beastly Appendage              Transmutation                1
   b - Sticks to Snakes               Transmutation                2
   c - Spider Form                    Transmutation/Poison         3
   d - Ice Form                       Ice/Transmutation            4
   e - Blade Hands                    Transmutation                5
Comestibles
 c - 6 rations
 o - 7 chunks of flesh


   Skills:
 + Level 1.5 Fighting
 + Level 2.0 Dodging
 + Level 3.4 Unarmed Combat
 + Level 2.2 Spellcasting
 + Level 2.6 Transmutations


You had 5 spell levels left.
You knew the following spells:

 Your Spells              Type           Power        Failure   Level  Hunger
a - Beastly Appendage     Tmut           #.....       9%          1    ##.....


Dungeon Overview and Level Annotations

Branches:
Dungeon (2/15)

Altars:


Innate Abilities, Weirdness & Mutations

Your plain brown scales are hard. (AC +5)
You cannot fit into any form of body armour.
You are cold-blooded and may be slowed by cold attacks.


Message History

You kill the adder!
Your Dodging skill increases to level 2!
You have reached level 3!
Your experience leads to an increase in your attributes!
Increase (S)trength, (I)ntelligence, or (D)exterity?
You feel agile.
Your scales feel tougher.
The adder bites you but does no damage.
Casting: Beastly Appendage
Confirm with . or Enter, or press ? or * to list all spells.
You miscast Beastly Appendage.
You are very lightly contaminated with residual magic.
You feel a strange surge of energy! The adder bites you.
* * * LOW HITPOINT WARNING * * *
The adder completely misses you.
Your horns disappear.
The adder bites you.
* * * LOW HITPOINT WARNING * * *
The adder bites you but does no damage. The adder bites you.
You die...

# #...#.# #.# #.รท).
#.#.###.# #.###....
#.#.###.####.#......
#............#.<....
###.###......#......
#.# ######.#......
#.# #.#...... #)#
#........ #@#
#####.... #S# #....
#S# ##.# #.# .# #.#
# ##.# #..# #.## #.#


You could see an adder and a ball python.

Vanquished Creatures
  An adder (D:2)
  A hobgoblin (D:1)
  3 jackals (D:2)
  4 bats
  2 frilled lizards
  6 goblins
  6 kobolds
  3 rats
26 creatures vanquished.

Notes
Turn   | Place    | Note
-------+----------+-------------------------------------------
     0 | D:1      | Brecoman the Draconian Transmuter began the quest for the Orb.
     0 | D:1      | Reached XP level 1. HP: 16/16 MP: 3/3
   463 | D:1      | Reached XP level 2. HP: 23/23 MP: 3/5
  1304 | D:2      | Reached XP level 3. HP: 9/28 MP: 4/6
  1317 | D:2      | Slain by an adder

Skill      XL: |  1  2 |
---------------+-------+-----
Dodging        | 2 |  2.0
Fighting       | |  1.5
Unarmed Combat | |  3.4
Spellcasting   | |  2.2
Transmutations | |  2.6

Action                   || total
-------------------------++-------
Melee: Unarmed           ||    89
       Headbutt          ||    11
       Tailslap          ||     5
       Kick              ||     3
 Cast: Beastly Appendage ||    16
  Use: Scroll            ||     5
Armor: Skin              ||    45
Dodge: Dodged            ||    65
